 Dungeon Crawl Stone Soup version 0.28-a0-1234-g826d19b2e0 (webtiles) character file.

Game seed: 10202980958409070505

18 bearlyready the Charlatan (level 2, 0/22 HPs)
             Began as a Demonspawn Artificer on Dec 23, 2021.
             Killed from afar by Natasha (7 damage)
             ... with a puff of flame
             ... on level 2 of the Dungeon.
             The game lasted 00:01:15 (1081 turns).

bearlyready the Charlatan (Demonspawn Artificer)    Turns: 1081, Time: 00:01:15

Health: 0/22       AC:  3    Str: 12    XL:     2   Next: 48%
Magic:  2/2        EV: 11    Int: 12    God:
Gold:   28         SH:  0    Dex: 13    Spells: 1/1 levels left

rFire   . . .      SeeInvis .   j - +1 short sword (freeze)
rCold   . . .      Faith    .   (no shield)
rNeg    . . .      Spirit   .   b - +0 leather armour
rPois   .          Reflect  .   (no helmet)
rElec   .          Harm     .   (no cloak)
rCorr   .          Rampage  .   (no gloves)
Will    .....                   (no boots)
Stlth   +.........              (no amulet)
HPRegen 0.07/turn               (no ring)
MPRegen 0.08/turn               (no ring)

@: no status effects
A: powered by pain 1
a: no special abilities


You were on level 2 of the Dungeon.
You visited 1 branch of the dungeon, and saw 2 of its levels.

You collected 28 gold pieces.

Inventory:

Hand Weapons
 a - a +0 dagger
 j - a +1 short sword of freezing (weapon)
Missiles
 g - 21 stones
Armour
 b - a +0 leather armour (worn)
Jewellery
 l - an amulet of faith
Wands
 c - a wand of flame (10) (quivered)
 d - a wand of charming (14)
Scrolls
 i - a scroll of vulnerability {unknown}
 m - a scroll of identify {unknown}
Potions
 f - a potion of invisibility {unknown}
 h - a potion of mutation {unknown}
 k - a potion of heal wounds {unknown}
Miscellaneous
 e - a piece from Xom's chessboard (14/15)


   Skills:
 + Level 1.9 Fighting
 - Level 1.7 Armour
 - Level 0.8 Dodging
 - Level 0.8 Stealth
 + Level 3.4 Evocations


You had one spell level left.
You didn't know any spells.
Your spell library was empty.

Dungeon Overview and Level Annotations

Branches:
Dungeon (2/15)

Altars:

Shops:
D:1 ??!

Annotations:
D:2 Natasha


Innate Abilities, Weirdness & Mutations

You sometimes gain a little power by taking damage.


Message History

The goblin closely misses you.
You closely miss the goblin. The goblin hits you but does no damage.
You hit the goblin. You freeze the goblin.
You kill the goblin!
Things that are here:
a +0 dagger; a goblin corpse
Found a stone staircase leading up.
There is a stone staircase leading up here.
m - a scroll labelled SYCOTUJ HAISM You now have 28 gold pieces (gained 7).
A goblin comes into view. It is wielding a +0 dagger.
A goblin is nearby!
A goblin is nearby!
The helpless goblin fails to defend itself.
You hit the goblin. You freeze the goblin.
You kill the goblin!
No target in view!
You see here a +0 dagger.
No target in view!
A kobold comes into view. It is wielding a +0 short sword.
The kobold shouts!
Found 6 gold pieces.
Natasha, Servant of Life and Death comes into view.
She is carrying a wand of flame (22).
The kobold hits you with a +0 short sword.
You hit the kobold. You freeze the kobold.
The kobold is severely wounded.
The kobold hits you but does no damage.
Natasha mumbles some strange words.
You hit the kobold. You freeze the kobold.
You kill the kobold!
Natasha casts a spell at you. You resist with significant effort.
Natasha zaps a wand.
The puff of flame hits you!
Ouch! That really hurt!
Aiming: Charm
Press: ? - help, Shift-Dir - straight line, f - Natasha
Aim: Natasha, carrying a wand of flame (21) (chance to affect: 56%) Natasha resists with significant effort.
Natasha zaps a wand.
The puff of flame hits you!
You die...

#.# #. #.#
#...#########.#
#..h...h....#.#
...$...##......#
#...##. #.##.###
.#. #. #.##.# #.
#.##)# #. #@##.#
#. #.##.#### #.
#.##....#
#.#####.# . #.#
#.# .##
....#####.#
.###.####..
..........#
.......#.#
###.####..#
....#.#.# #.#
#..#


You could see Natasha.

Vanquished Creatures
  2 bats (D:1)
  An endoplasm (D:1)
  A giant cockroach (D:1)
  5 goblins
  4 kobolds
  2 ball pythons (D:1)
15 creatures vanquished.

Notes
Turn   | Place    | Note
-------+----------+-------------------------------------------
     0 | D:1      | bearlyready the Demonspawn Artificer began the quest for
                  | the Orb.
     0 | D:1      | Reached XP level 1. HP: 15/15 MP: 1/1
    84 | D:1      | Found Amuma's Distillery.
   402 | D:1      | Gained mutation: You sometimes gain a little power by
                  | taking damage. [demonic ancestry]
   402 | D:1      | Reached XP level 2. HP: 17/21 MP: 2/2
   486 | D:1      | Found Ofregips's Magic Scroll Boutique.
   545 | D:1      | Found Fidets Dotyi's Magic Scroll Boutique.
   677 | D:1      | Found Luunusa's Magic Scroll Shoppe.
  1071 | D:2      | Noticed Natasha
  1081 | D:2      | Killed from afar by Natasha

Illustrated notes

Levels and vault maps discovered:
D:1:      psy_arrival_conway, layout_loops_ring, serial_shops, shop, shop,
          nicolae_shop_hallway_plus, nicolae_lakefront_shop
D:2:      layout_loops_ring, ebering_ecumenical_altar_sacrificial,
          lightli_corner_chamber, uniq_natasha

Action                   || total
-------------------------++-------
Melee: Dagger            ||    21
       Unarmed           ||     5
       Club              ||     1
       Short sword       ||    12
Evoke: Wand              ||     6
       Piece from Xom's  ||     1
 Stab: Sleeping          ||     2
Armor: Leather armour    ||    21
Dodge: Dodged            ||    26

Table legend: (Time is in decaauts)
 A = Elapsed time spent in this place.
 B = Non-inter-level travel time spent in this place.
 C = Inter-level travel time spent in this place.
 D = Time resting spent in this place.
 E = Time spent auto-exploring this place.
 F = Levels seen in this place.
 G = Mean time per level.
                   A        B        C        D        E       F      G
               +--------+--------+--------+--------+--------+-----+--------+
         Total |   1086 |   1062 |     24 |      0 |    927 |   2 |  543.0 |
       Dungeon |   1086 |   1062 |     24 |      0 |    927 |   2 |  543.0 |
               +--------+--------+--------+--------+--------+-----+--------+

Top non-repeatable levels by time:
     D:1: 1000 daAuts
     D:2: 85 daAuts
